 Dungeon Crawl Stone Soup version 0.27.1-34-g3ba077fa99 (webtiles) character file.

Game seed: 16973604889421054588

53 Ijustatesigmund the Skirmisher (level 3, 0/24 HPs)
             Began as a Gargoyle Fighter on Feb 3, 2022.
             Slain by Sigmund (1 damage)
             ... on level 2 of the Dungeon.
             The game lasted 00:02:44 (1726 turns).

Ijustatesigmund the Skirmisher (Gargoyle Fighter)   Turns: 1726, Time: 00:02:44

Health: 0/24       AC: 12    Str: 19    XL:     3   Next: 89%
Magic:  3/3        EV:  9    Int:  9    God:
Gold:   52         SH: 10    Dex:  9    Spells: 2/2 levels left

rFire    . . .     SeeInvis .   a - +0 flail
rCold    . . .     Faith    .   c - +1 kite shield
rNeg     + . .     Spirit   .   b - +0 chain mail
rPois    ∞         Reflect  .   (no helmet)
rElec    +         Harm     .   i - scarf {repulsion}
rCorr    .         Rampage  .   (no gloves)
Will     .....                  (no boots)
Stlth    ..........             h - amulet of the acrobat
HPRegen  0.08/turn              e - +4 ring of evasion
MPRegen  0.08/turn              (no ring)

@: repel missiles
A: sickness immunity, AC +3, negative energy resistance 1, electricity
resistance, torment resistance 1, petrification resistance
a: no special abilities


You were on level 2 of the Dungeon.
You visited 1 branch of the dungeon, and saw 2 of its levels.

You collected 52 gold pieces.

Inventory:

Hand Weapons
 a - a +0 flail (weapon)
Armour
 b - a +0 chain mail (worn)
 c - a +1 kite shield (worn)
 i - a scarf of repulsion (worn)
Jewellery
 e - a +4 ring of evasion (left hand)
 h - an amulet of the acrobat (around neck)
Potions
 d - a potion of might
 f - a potion of heal wounds {unknown}
 g - a potion of degeneration {unknown}


   Skills:
 + Level 3.9 Fighting
 * Level 3.5 Maces & Flails
 - Level 3.2 Armour
 - Level 3.2 Shields


You had 2 spell levels left.
You didn't know any spells.
Your spell library was empty.

Dungeon Overview and Level Annotations

Branches:
Dungeon (2/15)

Altars:

Shops:
D:1 *

Annotations:
D:2 Sigmund


Innate Abilities, Weirdness & Mutations

You are immune to sickness and miasma.
Your stone body is resilient. (AC +3)
You are immune to poison.
You resist negative energy. (rN+)
You are resistant to electric shocks. (rElec)
You are resistant to unholy torment.
You are immune to petrification.


Message History

The endoplasm quivers.
Sigmund the Dreaded comes into view.
He is wielding a +2 vorpal scythe.
Sigmund gestures wildly while chanting.
Sigmund flickers and vanishes!
Deactivating autopickup; reactivate with Ctrl-A.
The endoplasm closely misses you.
You hit the endoplasm.
The endoplasm is heavily wounded.
The endoplasm hits you but does no damage.
You hit the endoplasm.
The endoplasm is almost dead.
You block the endoplasm's attack.
The endoplasm hits you but does no damage.
You hit the endoplasm.
You kill the endoplasm!
You block something's attack.
No target in view!
No target in view!
No target in view!
No target in view!
No target in view!
No target in view!
No target in view!
Your chain mail prevents you from hitting something.
Something hits you.
You miss something. Something hits you.
You hit something. Something hits you.
You closely miss something.
You hear some strange, mumbled words.
A magic dart appears from out of thin air!
The magic dart hits you.
* * * LOW HITPOINT WARNING * * *
You block something's attack.
You closely miss something. Something hits you but does no damage.
You closely miss something. You miss something. Something hits you.
* * * LOW HITPOINT WARNING * * *
x2 You sock something!
Something hits you.
* * * LOW HITPOINT WARNING * * *
You die...

#.......#
#.........
#)......#
#....#####
#.......#
##.#<.....
.†......#
#.#######
#.......#
#.#
#.......#
#.#
....#.....
#.#
#########.
#.#######.#
..
#...@{....#
###
###########


There were no monsters in sight!

Vanquished Creatures
  A worm (D:2)
  A dart slug (D:1)
  6 endoplasms
  3 giant cockroaches (D:1)
  8 goblins
  A hobgoblin (D:1)
  A quokka (D:1)
  4 bats (D:1)
  6 frilled lizards (D:1)
  9 kobolds (D:1)
  6 rats
46 creatures vanquished.

Vanquished Creatures (others)
  10 plants (D:1)
10 creatures vanquished.

Grand Total: 56 creatures vanquished

Notes
Turn   | Place    | Note
-------+----------+-------------------------------------------
     0 | D:1      | Ijustatesigmund the Gargoyle Fighter began the quest for
                  | the Orb.
     0 | D:1      | Reached XP level 1. HP: 14/14 MP: 1/1
   201 | D:1      | Reached XP level 2. HP: 19/19 MP: 2/2
   790 | D:1      | Reached XP level 3. HP: 12/24 MP: 3/3
  1032 | D:1      | Found a faded altar of an unknown god.
  1216 | D:1      | Found Taewk's General Store.
  1713 | D:2      | Noticed Sigmund
  1726 | D:2      | HP: 1/24 [something (3)]
  1726 | D:2      | Slain by Sigmund

Illustrated notes

Levels and vault maps discovered:
D:1:      dpeg_arrival_subterranean_lakeside_camping, layout_basic,
          hellmonk_ecumenical_altar_slurped_away, serial_shops,
          nicolae_lakefront_shop, chequers_serial_rivers_small_3,
          lexackson_kobold_supper
D:2:      layout_basic, kennysheep_pointless_box, solitary_fountain,
          minmay_misc_feat_doors, minmay_tromino_v2, uniq_terence, uniq_sigmund

Skill      XL: |  1  2 |
---------------+-------+-----
Maces & Flails | 3 |  3.5
Fighting       | |  3.9
Armour         | |  3.2
Shields        | |  3.2

Action                   || total
-------------------------++-------
Melee: Flail             ||   169
  Use: Scroll            ||     1
Armor: Scale mail        ||    84
       Chain mail        ||    19
Dodge: Dodged            ||    62
Block: Kite shield       ||    90
